 Dungeon Crawl Stone Soup version 0.18-a0-1789-gbeff17f (webtiles) character file.

646 wvc the Cutter (level 7, -16/48 HPs)
             Began as a Demonspawn Artificer on Apr 21, 2016.
             Was a Follower of Okawaru.
             Demolished by an orc warrior
             ... wielding a +0 halberd of holy wrath
              (25 damage)
             ... on level 6 of the Dungeon.
             The game lasted 00:12:51 (5357 turns).

wvc the Cutter (Demonspawn Artificer)               Turns: 5357, Time: 00:12:52

Health: -16/48     AC:  8    Str: 14    XL:     7   Next: 27%
Magic:  9/9        EV: 10    Int: 14    God:    Okawaru [*.....]
Gold:   244        SH:  4    Dex: 15    Spells: 0 memorised, 6 levels left

rFire  + . .     SeeInvis .     a - +1 short sword
rCold  . . .     Gourm    .     m - +0 ring mail
rNeg   . . .     Faith    .     s - +0 buckler
rPois  +         Spirit   .     x - +0 helmet
rElec  .         Dismiss  .     p - +0 cloak {rPois}
rCorr  .         Reflect  .     (no gloves)
SustAt .         Harm     .     (no boots)
MR     .....                    r - amulet of regeneration
Stlth  ++........               (no ring)
                                C - +3 ring of strength

@: not resistant to hostile enchantments, unstealthy
A: claws 2, icy blue scales 1, fire resistance 1, nightstalker 1
a: Heroism, Renounce Religion


You were on level 6 of the Dungeon.
You worshipped Okawaru.
Okawaru was aware of your devotion.
You were not hungry.

You visited 2 branches of the dungeon, and saw 7 of its levels.

You collected 244 gold pieces.

Inventory:

Hand Weapons
 a - a +1 short sword (weapon)
Missiles
 i - 23 poisoned needles
Armour
 m - a +0 ring mail (worn)
 p - a +0 cloak of poison resistance (worn)
 s - a +0 buckler (worn)
 x - a +0 helmet (worn)
 y - a +0 shield
Jewellery
 r - an amulet of regeneration (around neck)
 C - a +3 ring of strength (left claw)
Wands
 c - a wand of flame (0/48)
 d - a wand of enslavement (8/24)
 e - a wand of random effects (0/48)
 B - a wand of iceblast (0/15)
Scrolls
 b - a scroll of fog
 l - 5 scrolls of remove curse
 o - a scroll of enchant weapon
 q - a scroll of immolation
 v - 3 scrolls of magic mapping
Potions
 f - 2 potions of haste
 g - a potion of invisibility
 j - a potion of cancellation
 k - 2 potions of flight
 n - 3 potions of curing
 u - 3 potions of heal wounds
 w - a potion of resistance
 z - a potion of might {unknown}
Comestibles
 h - 3 meat rations
 t - a bread ration
 A - a slice of pizza


   Skills:
 - Level 1.0 Fighting
 * Level 7.1 Short Blades
 - Level 1.7 Dodging
 - Level 0.8 Stealth
 + Level 1.0 Shields
 - Level 3.0 Evocations


You had 6 spell levels left.
You didn't know any spells.

Dungeon Overview and Level Annotations

Branches:
Dungeon (5/15)             Temple (1/1) D:4

Altars:
Cheibriados
Dithmenos
Fedhas
Gozag
Kikubaaqudgha
Nemelex Xobeh
Okawaru
Ru
Sif Muna
Trog
Xom
Yredelemnul
Zin
The Shining One

Annotations:
D:2 Grinder
D:3 macross's ghost, amateur DsVM
D:5 exclusion: door, Prince Ribbit
D:6 Edmund


Innate Abilities, Weirdness & Mutations

You have very sharp fingernails.
You are partially covered in icy blue scales (AC +1).
Your flesh is heat resistant.
You are slightly more attuned to the shadows.


Message History

The orc warrior is heavily wounded.
Evoking this partially-identified wand wasted a few charges.
Evoke which item? (* to show all) (? for menu, Esc to quit)
Zapping:
B - a wand of iceblast {zapped: 2} (will waste charges)
Press: ? - help, Shift-Dir - straight line, f/p - orc warrior
Aim: an orc warrior, wielding a halberd of holy wrath and wearing a plate armour (heavily wounded) Nothing appears to happen.
Edmund the Younger comes into view.
He is wielding a dire flail.
Evoke which item? (* to show all) (? for menu, Esc to quit)
Okay, then.
Read which item? (? for menu, Esc to quit)
Okay, then.
An orc wizard comes into view. It is wielding a dagger.
The orc warrior hits you with a halberd of holy wrath!
You convulse.
The orc warrior hits you with a halberd of holy wrath!!
* * * LOW HITPOINT WARNING * * *
You convulse!!
Ouch! That really hurt!
You die...

≈ ≈≈###########
8.8.8#......#
..o..o.####....
8.8.8.@# ##
≈≈####.# ≈ ...
##.## #.# #.#
#.#


You could see an orc warrior and an orc wizard (wandering).

Vanquished Creatures
  Dowan (D:4)
  A phantom (D:5)
  An orc priest (D:5)
  A hound (D:5)
  2 iguanas
  3 orc wizards (D:4)
  2 worker ants (D:5)
  A hound skeleton (D:4)
  6 adders
  2 oozes (D:5)
  An adder skeleton (D:4)
  A worm (D:2)
  2 dart slugs
  4 giant geckos
  6 orcs (D:4)
  A ball python (D:3)
  11 giant cockroaches
  6 goblins
  3 hobgoblins
  8 jackals
  3 quokkas
  5 bats
  A giant cockroach zombie (D:5)
  5 giant newts
  8 kobolds
  A quokka skeleton (D:5)
  5 rats
91 creatures vanquished.

Vanquished Creatures (collateral kills)
  An orc (D:5)
1 creature vanquished.

Vanquished Creatures (others)
  Duvessa (D:4)
  A jelly (D:5)
  A giant frog skeleton (D:5)
  An orc wizard (D:5)
  An orc (D:5)
5 creatures vanquished.

Grand Total: 97 creatures vanquished

Notes
Turn   | Place    | Note
--------------------------------------------------------------
     0 | D:1      | wvc the Demonspawn Artificer began the quest for the Orb.
     0 | D:1      | Reached XP level 1. HP: 15/15 MP: 3/3
   206 | D:1      | Reached skill level 1 in Short Blades
   301 | D:1      | Gained mutation: You are partially covered in icy blue scales (AC +1). [demonic ancestry]
   301 | D:1      | Reached XP level 2. HP: 19/21 MP: 4/4
   308 | D:1      | Reached skill level 2 in Short Blades
  1064 | D:2      | Gained mutation: You have sharp fingernails. [demonic ancestry]
  1064 | D:2      | Reached XP level 3. HP: 25/26 MP: 5/5
  1164 | D:2      | Reached skill level 3 in Short Blades
  1279 | D:2      | Found a sacrificial altar of Ru.
  1772 | D:2      | Gained mutation: Your flesh is heat resistant. [demonic ancestry]
  1772 | D:2      | Reached XP level 4. HP: 32/32 MP: 6/6
  2510 | D:3      | Noticed macross's ghost (amateur DsVM)
  2550 | D:3      | Noticed Grinder
  2553 | D:2      | Paralysed by Grinder for 2 turns
  2561 | D:2      | Paralysed by Grinder for 4 turns
  2830 | D:3      | Reached skill level 4 in Short Blades
  2972 | D:3      | Found a sacrificial altar of Ru.
  3085 | D:3      | Found a faded altar to an unknown god.
  3139 | D:3      | Found a shimmering altar of Xom.
  3482 | D:4      | Found a staircase to the Ecumenical Temple.
  3482 | D:4      | Noticed Duvessa
  3484 | D:4      | Noticed Dowan
  3513 | D:4      | Your ally died
  3522 | D:4      | Killed Dowan
  3522 | D:4      | Reached skill level 5 in Short Blades
  3522 | D:4      | Gained mutation: You have very sharp fingernails. [demonic ancestry]
  3522 | D:4      | Reached XP level 5. HP: 7/37 MP: 7/7
  3586 | Temple   | Entered the Ecumenical Temple
  3789 | Temple   | Goblin1989: когти
  3815 | Temple   | wvc: увы
  3815 | Temple   | Became a worshipper of Warmaster Okawaru
  3888 | D:4      | Goblin1989: да нормально в принципе
  3966 | D:4      | Gained mutation: You are slightly more attuned to the shadows. [demonic ancestry]
  3966 | D:4      | Reached XP level 6. HP: 43/43 MP: 8/8
  3967 | D:4      | Goblin1989: на руки нормально брони почти нет
  4102 | D:4      | Goblin1989: только что те перчатки на +5 слай
  4622 | D:4      | Goblin1989: ээээ
  4622 | D:4      | Reached skill level 6 in Short Blades
  4708 | D:5      | Entered Level 5 of the Dungeon
  4709 | D:5      | Goblin1989: кат тебе монстроуз достался?
  4726 | D:5      | Goblin1989: рога вот еще
  4726 | D:5      | wvc: один слот демонспауны всегда теряют вроде
  4726 | D:5      | Goblin1989: не
  4754 | D:5      | Goblin1989: монстроузы все три теряют
  4917 | D:5      | Goblin1989: мне показалось что у тебя еще рога выросли. Но нет. Всего лишь показалось.
  5155 | D:5      | Reached XP level 7. HP: 40/48 MP: 9/9
  5189 | D:5      | Reached * piety under Okawaru
  5189 | D:5      | Reached skill level 7 in Short Blades
  5189 | D:5      | Reached skill level 1 in Shields
  5281 | D:5      | Noticed Prince Ribbit
  5350 | D:5      | You fall through a shaft!
  5355 | D:6      | Noticed Edmund
  5357 | D:6      | Demolished by an orc warrior

Vault maps used:
D:1:      dpeg_arrival_water_fire
D:2:      kennysheep_small_spiral, nicolae_ru_path_of_blood
D:3:      lemuel_round_altar, overflow_temple_1_default, ecumenical_altar_2,
          uniq_grinder
D:4:      minmay_temple_entry_statues_fountains, first_bread,
          hangedman_decor_slide_cut, minmay_ruptured, uniq_duvessa
D:5:      kennysheep_generic_room_5, uniq_prince_ribbit1,
          uniq_crazy_yiuf_cottage
D:6:      kennysheep_orc_sif_temple, elyvilon_altar_3,
          cheibrodos_ashenzari_chains, uniq_edmund
Temple:   eino_temple_water_12

Skill      XL: |  1  2  3  4  5  6  7 |
---------------+----------------------+-----
Short Blades   | 1 2 3 5 6 7 |  7.1
Shields        | 1 |  1.0
Fighting       | |  1.0
Dodging        | |  1.7
Stealth        | |  0.8
Evocations     | |  3.0

Action                   |  1- 3 |  4- 6 |  7- 9 || total
-------------------------+-------+-------+-------++-------
Melee: Short sword       |   133 |   274 |    34 ||   441
Evoke: Wand              |     4 |    32 |     2 ||    38
  Use: Scroll            |       |    15 |     1 ||    16
 Stab: Sleeping          |     2 |     2 |     2 ||     6
  Eat: Bread ration      |     1 |     2 |       ||     3
       Chunk             |       |     1 |       ||     1
       Fruit             |       |     1 |       ||     1
Armor: Leather armour    |    41 |    26 |       ||    67
       Ring mail         |       |    63 |     5 ||    68
       Scale mail        |       |     8 |       ||     8
Dodge: Dodged            |    79 |   111 |    12 ||   202
Block: Buckler           |       |    28 |     5 ||    33
